[Event "*** Titled Tuesday Blitz"]
[Site "Chess.com"]
[Date "2021.02.02"]
[Round "8"]
[White "CakeinSpace2002"]
[Black "Sergey85Rodchenkov"]
[Result "1-0"]
[WhiteElo "2379"]
[BlackElo "2497"]
[TimeControl "180+1"]
[EndTime "11:29:24 PST"]
[Termination "CakeinSpace2002 won by resignation"]

1. d4 Nf6 2. c4 e6 3. Nc3 Bb4 4. e3 c5 5. Nf3 Nc6 6. Bd3 d6 7. O-O Bxc3 8. bxc3 e5 9. e4 h6 10. d5 Ne7 11. Re1 Ng6 12. Nd2 O-O 13. Nf1 Nh7 14. Ng3 Nf4 15. Bc2 Re8 16. Nf5 Bxf5 17. exf5 Qh4 18. g3 Nh3+ 19. Kg2 Qxc4 20. Kxh3 Qxc3 21. Be3 Ng5+ 22. Kg2 e4 23. Bxg5 hxg5 24. Bxe4 Re5 25. f3 Rae8 26. g4 g6 27. Qc1 Qd4 28. Qxg5 Kg7 29. Rad1 Qb2+ 30. Rd2 Qc3 31. f6+ Kh7 32. Qh4+ Rh5 33. Qf2 Rh6 34. g5 Rh5 35. h4 Qe5 36.
Qg3 Qc3 37. Rde2 Re5 38. f4 Re8 39. Qxc3 1-0

[Event "*** Titled Tuesday Blitz"]
[Site "Chess.com"]
[Date "2021.02.02"]
[Round "8"]
[White "fabianvivasz"]
[Black "woodhy"]
[Result "1-0"]
[WhiteElo "2320"]
[BlackElo "2448"]
[TimeControl "180+1"]
[EndTime "11:29:24 PST"]
[Termination "fabianvivasz won by resignation"]

1. e4 e6 2. d4 d5 3. Nd2 c5 4. Ngf3 Nc6 5. exd5 exd5 6. Bb5 Bd6 7. dxc5 Bxc5 8. O-O Ne7 9. Nb3 Bd6 10. Bg5 O-O 11.
Qd2 Bg4 12. Nfd4 Qc7 13. h3 Bh5 14. Be2 Bxe2 15. Qxe2 Rfe8 16. Nb5 Bh2+ 17. Kh1 Qe5 18. Qd2 h6 19. f4 Qxb2 20. Bxe7 Rxe7 21. Kxh2 Rae8 22.
Qc3 Qxc3 23. Nxc3 d4 24. Nb5 Re4 25. Nd6 Re2 26. Nxe8 Rxe8 27. Rfe1 Rd8 28. Rad1 Nb4 29. c3 Nxa2 30. Rxd4 Rc8 31. c4 Nc3 32. Re3 Na4 33.
c5 Nb6 34. cxb6 axb6 35. Rd7 1-0

[Event "*** Titled Tuesday Blitz"]
[Site "Chess.com"]
[Date "2021.02.02"]
[Round "8"]
[White "HElissalt"]
[Black "Das_Virus_2020"]
[Result "0-1"]
[WhiteElo "2261"]
[BlackElo "2421"]
[TimeControl "180+1"]
[EndTime "11:29:25 PST"]
[Termination "Das_Virus_2020 won on time"]

1. d4 Nf6 2. c4 c5 3. d5 b5 4.
cxb5 a6 5. e3 Bb7 6. Nc3 e6 7. e4 exd5 8. exd5 Qe7+ 9. Be2 axb5 10. Nxb5 Nxd5 11. Nf3 Na6 12. O-O Ndc7 13. Bg5 f6 14.
Bf4 Nxb5 15. Bxb5 Kd8 16. Re1 Qf7 17. Qd2 Nc7 18. Rad1 Nxb5 19. Qe2 Nc7 20. a3 Bc6 21. Nd2 Ne6 22. Bg3 Nd4 23. Qd3 Be7 24. Ne4 Re8 25.
b4 Qb3 0-1

[Event "*** Titled Tuesday Blitz"]
[Site "Chess.com"]
[Date "2021.02.02"]
[Round "8"]
[White "Grammnik"]
[Black "chessmadara"]
[Result "1-0"]
[WhiteElo "2390"]
[BlackElo "2158"]
[TimeControl "180+1"]
[EndTime "11:29:25 PST"]
[Termination "Grammnik won by resignation"]

1. d4 Nf6 2. Nf3 g6 3. c4 Bg7 4. Nc3 d5 5. cxd5 Nxd5 6. e4 Nxc3 7. bxc3 c5 8. Rb1 O-O 9. Be2 Nc6 10. d5 Bxc3+ 11. Bd2 Bxd2+ 12. Qxd2 Nb8 13. h4 Bg4 14. h5 Nd7 15. hxg6 fxg6 16. Qh6 Rf7 17. Rb5 Bxf3 18. Bxf3 Ne5 19. Be2 a6 20. Rxb7 Qa5+ 21. Qd2 Qa4 22. f4 Nc4 23. Qc3 Na5 24. Rc7 Rb8 25. O-O Qd4+ 26.
Qxd4 cxd4 27. e5 Rb2 28. Bxa6 Rxa2 29. d6 exd6 30. exd6 Rf8 31. d7 Rd8 32. Rc8 Nc6 33.
Rxd8+ Nxd8 34. Bc4+ 1-0

[Event "*** Titled Tuesday Blitz"]
[Site "Chess.com"]
[Date "2021.02.02"]
[Round "8"]
[White "politeplayer"]
[Black "OMGCovid-19"]
[Result "0-1"]
[WhiteElo "2179"]
[BlackElo "1980"]
[TimeControl "180+1"]
[EndTime "11:29:25 PST"]
[Termination "OMGCovid-19 won by checkmate"]

1. e4 e6 2. d4 d5 3. exd5 exd5 4. Nf3 Bg4 5. h3 Bh5 6. Qe2+ Be7 7. g4 Bg6 8. Qb5+ Nd7 9. Qxb7 Ngf6 10. c3 O-O 11. Qa6 c5 12. Nbd2 Ne4 13. Bg2 f5 14. Qe6+ Kh8 15. Qxd5 Qc7 16. gxf5 Rxf5 17. Qxe4 Re8 18.
Qe2 Bd6 19. Ne4 Nf6 20. Nh4 Rxf2 21. Nxg6+ hxg6 22. Kxf2 Nxe4+ 23. Bxe4 Bh2 24. Qf3 cxd4 25. Rxh2 Qxh2+ 26. Qg2 Rf8+ 27. Bf3 Qe5 28. Bd2 dxc3 29.
Bxc3 Qc5+ 30. Kf1 Qe3 31. Qxg6 Rxf3+ 32. Kg2 Qf2+ 33. Kh1 Rxh3# 0-1

[Event "*** Titled Tuesday Blitz"]
[Site "Chess.com"]
[Date "2021.02.02"]
[Round "8"]
[White "anon132639"]
[Black "Sychev_Klementy"]
[Result "0-1"]
[WhiteElo "2805"]
[BlackElo "2908"]
[TimeControl "180+1"]
[EndTime "11:29:26 PST"]
[Termination "Sychev_Klementy won by resignation"]

1. Nf3 c5 2. c4 Nc6 3. b3 e5 4. Nc3 g6 5. Bb2 Bg7 6. d3 d6 7.
g3 Nge7 8. Bg2 O-O 9. h4 h6 10. Qd2 f5 11. h5 g5 12. O-O-O a6 13. Kb1 Rb8 14. Nxg5 hxg5 15. Qxg5 Kh7 16. Bc1 e4 17.
dxe4 Bxc3 18. Qh6+ Kg8 19. Rxd6 Bg7 20. Qf4 Qc7 21.
h6 Be5 22. Qg5+ Kh7 23. Rd3 Nd4 24. Bb2 b5 25. cxb5 axb5 26. e3 Ne6 27. Bxe5 Nxg5 28. Bxc7 Rb7 29. Bd6 Nxe4 30. Bxe4 fxe4 31. Rdd1 Bg4 32.
Rc1 c4 33. Rh4 Be2 34. bxc4 bxc4+ 35. Ka1 Rxf2 36. Rh5 Bxh5 0-1

[Event "*** Titled Tuesday Blitz"]
[Site "Chess.com"]
[Date "2021.02.02"]
[Round "8"]
[White "erdni1993"]
[Black "dozer80"]
[Result "0-1"]
[WhiteElo "2458"]
[BlackElo "2602"]
[TimeControl "180+1"]
[EndTime "11:29:27 PST"]
[Termination "dozer80 won by resignation"]

1. d4 d5 2. Nf3 Nf6 3. e3 g6 4. c4 c6 5. Nc3 Bg7 6. Be2 O-O 7. O-O Bg4 8. b3 Bxf3 9. Bxf3 e6 10. Bd2 Nbd7 11. cxd5 exd5 12. b4 a6 13.
a4 b5 14. axb5 axb5 15. Qc2 Nb6 16. Rxa8 Qxa8 17. e4 Nc4 18. exd5 Nxd5 19. Bxd5 cxd5 20. Nxb5 Qb7 21. Nc3 Bxd4 22. Qd3 Nxd2 23. Qxd4 Nxf1 24. Nxd5 f5 25. Kxf1 Qa6+ 26. Kg1 Qd6 27. Qc4 Qe6 28. g3 Qe1+ 29. Kg2 Qe4+ 30. Qxe4 fxe4 31. b5 Kf7 32. b6 Ke6 33. Nb4 Rb8 34. Nc2 Rxb6 35. Ne3 Rb2 36. h4 Ra2 37. Ng4 Kf5 38. Ne3+ Ke5 39. Ng4+ Kd4 40. Nf6 e3 0-1

[Event "*** Titled Tuesday Blitz"]
[Site "Chess.com"]
[Date "2021.02.02"]
[Round "8"]
[White "szachuspl"]
[Black "dosto07"]
[Result "0-1"]
[WhiteElo "2527"]
[BlackElo "2436"]
[TimeControl "180+1"]
[EndTime "11:29:27 PST"]
[Termination "dosto07 won by checkmate"]

1. d4 d5 2. c4 dxc4 3. e4 e5 4. Nf3 exd4 5. Bxc4 Nc6 6. O-O Be6 7. Bxe6 fxe6 8.
Qb3 Qd7 9. Qxb7 Rb8 10. Qa6 Nf6 11. Nbd2 Bd6 12. Re1 e5 13. Nc4 O-O 14. Bd2 Nh5 15. Rac1 Rxf3 16. gxf3 Bb4 17. Bxb4 Nxb4 18. Nxe5 Qe7 19.
Qc4+ Kh8 20. Nf7+ Kg8 21. Nd6+ Kh8 22. Nf5 Qg5+ 23. Ng3 Nf4 24. Qxc7 Rg8 25. Qc5 Qh4 26. Qxb4 Qh3 27. Kh1 Qg2# 0-1

[Event "*** Titled Tuesday Blitz"]
[Site "Chess.com"]
[Date "2021.02.02"]
[Round "8"]
[White "manmanlai1"]
[Black "Gusarov91"]
[Result "0-1"]
[WhiteElo "2452"]
[BlackElo "1272"]
[TimeControl "180+1"]
[EndTime "11:29:27 PST"]
[Termination "Gusarov91 won by resignation"]

1. Nf3 d5 2. c4 c6 3. e3 Nf6 4. b3 Bg4 5. Bb2 e6 6. h3 Bh5 7. d3 Nbd7 8. Nbd2 Bd6 9. g4 Bg6 10.
g5 Nh5 11. Qc2 h6 12. h4 Qe7 13. O-O-O O-O-O 14. Bh3 Ba3 15. Kb1 Bxb2 16. Kxb2 f6 17.
Nd4 Nf8 18. f4 Kb8 19. Bg4 e5 20. fxe5 fxe5 21. Bxh5 Bxh5 22. Nf5 Qd7 23. Rdf1 Bg6 24. Ng3 dxc4 25. Nxc4 Bxd3 26. Qc3 Bxf1 27. Qxe5+ Qc7 28. Rxf1 hxg5 29. Qxg5 Ne6 30. Qg4 Nc5 31. Nf5 Nd3+ 32. Kc2 Qh2+ 33. Kc3 b5 34. Ng3 bxc4 35. Rb1 Ne5 36.
bxc4+ Ka8 37. Qxg7 Qd2+ 0-1

[Event "*** Titled Tuesday Blitz"]
[Site "Chess.com"]
[Date "2021.02.02"]
[Round "8"]
[White "ohajek96"]
[Black "Yaryi_sergey"]
[Result "0-1"]
[WhiteElo "2256"]
[BlackElo "2459"]
[TimeControl "180+1"]
[EndTime "11:29:27 PST"]
[Termination "Yaryi_sergey won on time"]

1. e4 c6 2. d4 d5 3. e5 g6 4. Nf3 Bg4 5. h3 Bxf3 6. Qxf3 Bg7 7. Be3 Qb6 8. b3 Nd7 9. Bd3 e6 10. c3 Ne7 11. Nd2 Nf5 12. Qe2 Nxe3 13. fxe3 c5 14. O-O O-O 15. h4 f6 16. exf6 Nxf6 17.
Rac1 Qd6 18. Qe1 e5 19. dxc5 Qxc5 20. c4 d4 21. e4 Ng4 22. Rxf8+ Rxf8 23. Nf1 a5 24.
Qg3 Nf2 25. Rc2 Nd1 26. Qg4 Ne3 27. Nxe3 dxe3 28. Re2 Qd4 29. Qe6+ Kh8 30. Qd5 Bh6 31. Qxd4 exd4 32. g3 Kg7 33. Kg2 Kf6 34. a3 Ke5 35. b4 axb4 36. axb4 Ra8 37. Kf3 Ra3 38. Bc2 d3 39.
Bxd3 Rxd3 40. g4 Bf4 41. h5 g5 42. Rc2 Rd2 43. Rxd2 exd2 44. Ke2 Kxe4 45. c5 Kd4 46. Kd1 Kc4 0-1

[Event "*** Titled Tuesday Blitz"]
[Site "Chess.com"]
[Date "2021.02.02"]
[Round "8"]
[White "Trickster_Pony"]
[Black "MarceloPlaya"]
[Result "0-1"]
[WhiteElo "1458"]
[BlackElo "2270"]
[TimeControl "180+1"]
[EndTime "11:29:27 PST"]
[Termination "MarceloPlaya won on time"]

1. c4 e6 2. g3 Nf6 3. Bg2 d5 4. d4 Bb4+ 5. Nc3 O-O 6. a3 Bxc3+ 7. bxc3 Nc6 8. cxd5 exd5 9. Bb2 Na5 10. Nf3 Nc4 11.
Bc1 Ne4 12. Qc2 Bf5 13. Nh4 Qf6 14. Nxf5 Qxf5 15. f3 Nxg3 16. e4 dxe4 17. hxg3 Qg6 18. fxe4 Qxg3+ 19. Kf1 Rae8 20. e5 g6 21. Bh6 f6 22.
Bd5+ Kh8 23. Qg2 fxe5+ 24. Kg1 Qxc3 25. Bxf8 Rxf8 26. Rf1 Qxd4+ 27. Kh2 Rf4 28. Rxf4 Qxf4+ 29. Kg1 Ne3 30. Qf2 Qg5+ 0-1

[Event "*** Titled Tuesday Blitz"]
[Site "Chess.com"]
[Date "2021.02.02"]
[Round "8"]
[White "LiamVrolijk"]
[Black "Chopper1905"]
[Result "1/2-1/2"]
[WhiteElo "2867"]
[BlackElo "2940"]
[TimeControl "180+1"]
[EndTime "11:29:28 PST"]
[Termination "Game drawn by agreement"]

1. d4 Nf6 2. c4 e6 3. Nf3 d5 4. Nc3 Bb4 5. cxd5 exd5 6. Bf4 O-O 7.
e3 c6 8. h3 Bf5 9. Nh4 Be4 10. Be2 Qa5 11. Qb3 c5 12. Bd6 Nc6 13. a3 cxd4 14. Bxb4 Nxb4 15. Qxb4 Qxb4 16. axb4 dxc3 17.
bxc3 Rfc8 18. Kd2 a6 19. f3 g5 20. g4 gxh4 21. g5 Bxf3 22. Bxf3 Ne4+ 23. Bxe4 dxe4 24. Ra5 Rc4 25. Rd5 Rac8 26. Rc1 Kg7 27. Rd7 R8c7 28. Rxc7 Rxc7 29. Rg1 Rd7+ 30. Ke2 Rd3 31. Rg4 Rxc3 32. Rxe4 Rc2+ 33. Kf3 Ra2 34. Rxh4 a5 35. bxa5 Rxa5 36. Rg4 h6 37. gxh6+ Kxh6 38. Rb4 Rh5 39. Rxb7 Rxh3+ 40. Kg4 Rxe3 41. Rxf7 Re1 1/2-1/2

[Event "*** Titled Tuesday Blitz"]
[Site "Chess.com"]
[Date "2021.02.02"]
[Round "8"]
[White "MITerryble"]
[Black "Jumbo"]
[Result "1-0"]
[WhiteElo "2934"]
[BlackElo "2814"]
[TimeControl "180+1"]
[EndTime "11:29:30 PST"]
[Termination "MITerryble won on time"]

1. e4 e6 2. d4 d5 3. exd5 exd5 4. Nf3 Nc6 5. Bb5 Bd6 6. h3 Ne7 7. c4 dxc4 8. Bxc4 O-O 9. O-O Nf5 10. d5 Ne5 11. Nxe5 Bxe5 12. Nc3 Nd6 13. Bd3 Qh4 14. Qf3 h5 15. Re1 Re8 16. Be3 Bd7 17. Rac1 a6 18.
Ne4 Nxe4 19. Bxe4 Bd6 20. Rc4 Kf8 21. Bd3 Qf6 22. Qxh5 g6 23. Qh7 Re5 24. Bh6+ Ke7 25. Rce4 1-0

[Event "*** Titled Tuesday Blitz"]
[Site "Chess.com"]
[Date "2021.02.02"]
[Round "8"]
[White "Tekushka"]
[Black "andrzej"]
[Result "0-1"]
[WhiteElo "2440"]
[BlackElo "2308"]
[TimeControl "180+1"]
[EndTime "11:29:30 PST"]
[Termination "andrzej won by resignation"]

1. e4 c5 2. Nf3 e6 3. d4 cxd4 4. Nxd4 Nf6 5. Nc3 Nc6 6. Ndb5 Bb4 7. a3 Bxc3+ 8. Nxc3 d5 9. exd5 exd5 10. Bd3 d4 11. Ne2 O-O 12. O-O Qb6 13. Rb1 Bg4 14. f3 Bh5 15. Nf4 Bg6 16. Nxg6 hxg6 17. f4 Rfe8 18. Qf3 Rad8 19. Bd2 Nd5 20. Qg3 Ne3 21. Rf3 Ne7 22.
Qg5 Rd5 23. Qg3 N7f5 24. Qh3 Nxc2 25. g4 Nfe3 26. Qh4 Qd8 27. g5 Nf5 28. Bxf5 Rxf5 29.
Rh3 Kf8 30. Rc1 d3 31. Rxc2 Qd4+ 32. Kf1 dxc2 33. Qh8+ Ke7 34. Re3+ Qxe3 35. Bxe3 Rxh8 0-1

[Event "*** Titled Tuesday Blitz"]
[Site "Chess.com"]
[Date "2021.02.02"]
[Round "8"]
[White "SergeiAza"]
[Black "Volodar_Murzin"]
[Result "1-0"]
[WhiteElo "2787"]
[BlackElo "2618"]
[TimeControl "180+1"]
[EndTime "11:29:31 PST"]
[Termination "SergeiAza won on time"]

1. e4 c5 2. Nf3 d6 3. d4 cxd4 4. Nxd4 Nf6 5. Nc3 a6 6. Bg5 Nbd7 7. f4 Qc7 8. Be2 h6 9. Bh4 e5 10. Nf5 exf4 11. Qd4 g5 12. Bf2 Ne5 13. O-O-O Be6 14. h4 g4 15. Rhf1 Rg8 16. Bg1 Nh5 17. Kb1 f3 18. gxf3 Nf4 19. fxg4 Nxe2 20. Nxe2 Rxg4 21. Nf4 Qc4 22. Nxe6 Qxe6 23. Qb6 Qd7 24. Nxd6+ Bxd6 25. Rxd6 Qb5 26. Qf2 Rxe4 27. Bh2 1-0

[Event "*** Titled Tuesday Blitz"]
[Site "Chess.com"]
[Date "2021.02.02"]
[Round "8"]
[White "ShahMatKanal"]
[Black "K_A_S_T_O_R"]
[Result "0-1"]
[WhiteElo "2487"]
[BlackElo "2730"]
[TimeControl "180+1"]
[EndTime "11:29:31 PST"]
[Termination "K_A_S_T_O_R won on time"]

1. c4 c5 2. b3 Nf6 3. Bb2 b6 4. g3 Bb7 5. Nf3 e6 6. Bg2 Be7 7. O-O d6 8. Qc2 Nbd7 9. d4 cxd4 10. Bxd4 a6 11. Nbd2 Qc7 12. Rac1 O-O 13. Qb2 Rac8 14. h3 Rfd8 15. Rfd1 Qb8 16. Be3 Nc5 17. Ne1 Bxg2 18.
Nxg2 Qb7 19. Nf4 h6 20. Nf3 Nce4 21. Nd3 b5 22. cxb5 axb5 23. Nd4 b4 24. Rxc8 Rxc8 25. Rc1 Nc3 26. Re1 d5 27. Nc1 e5 28. Nf5 d4 29.
Nxe7+ Qxe7 30. Bd2 Ra8 31. e3 Qd6 32. exd4 exd4 33.
Bf4 Qd7 34. Kh2 Qb5 35. Qd2 Qd5 36. Re5 Qd7 37. Re1 Nfe4 38. Qc2 Nc5 39. Qd2 Ne6 40. g4 Qd5 41. Bg3 Ne4 42. Qc2 N4g5 43. Rd1 Nf3+ 44. Kh1 Ne1+ 0-1

[Event "*** Titled Tuesday Blitz"]
[Site "Chess.com"]
[Date "2021.02.02"]
[Round "8"]
[White "TST2014"]
[Black "CM_rui"]
[Result "1-0"]
[WhiteElo "2554"]
[BlackElo "2370"]
[TimeControl "180+1"]
[EndTime "11:29:31 PST"]
[Termination "TST2014 won by checkmate"]

1. d4 Nf6 2. c4 e6 3. Nf3 Bb4+ 4.
Bd2 Qe7 5. g3 O-O 6. Bg2 Bxd2+ 7. Nbxd2 d6 8. O-O e5 9. e4 Bg4 10. d5 a5 11. Qc2 Na6 12. Ne1 Be2 13. Nd3 Bxf1 14. Rxf1 Nd7 15. b3 Nb4 16. Qb1 Nxd3 17. Qxd3 Nc5 18. Qc2 g6 19. Bh3 Qg5 20. Bg2 f5 21. f4 Qf6 22. exf5 Qxf5 23. Be4 Nxe4 24.
Qxe4 Qxe4 25. Nxe4 exf4 26. gxf4 Rae8 27. Ng5 Re2 28. Ne6 Rf7 29. Rf2 Rxf2 30. Kxf2 g5 31. Ke3 gxf4+ 32. Nxf4 Kg7 33. a3 Kf6 34. Ke4 Kg5 35. Ne6+ Kg4 36. b4 a4 37. c5 h5 38.
c6 bxc6 39. dxc6 Re7 40. Kd5 Kf5 41. Nd4+ Kf4 42. Ne6+ Rxe6 43. Kxe6 Ke4 44. b5 d5 45. b6 d4 46. bxc7 d3 47. c8=Q d2 48. Qd7 h4 49. c7 h3 50. c8=Q d1=Q 51. Qxd1 Ke3 52. Qc5+ Kf4 53. Qe5# 1-0

[Event "*** Titled Tuesday Blitz"]
[Site "Chess.com"]
[Date "2021.02.02"]
[Round "8"]
[White "MrrRefrao"]
[Black "andriipalchuk"]
[Result "0-1"]
[WhiteElo "2381"]
[BlackElo "2587"]
[TimeControl "180+1"]
[EndTime "11:29:31 PST"]
[Termination "andriipalchuk won by resignation"]

1. e4 c6 2. Nf3 d5 3. Nc3 dxe4 4. Nxe4 Nf6 5. Qe2 Nxe4 6. Qxe4 Qd5 7. Qe3 Qe6 8. b3 Qxe3+ 9. fxe3 f6 10. d4 Be6 11.
Bd3 Nd7 12. c4 Bf7 13. Bb2 O-O-O 14. O-O-O e6 15. Rhf1 Bg6 16. e4 Be7 17. a3 e5 18.
d5 Nc5 19. Bc2 Nxe4 20. Nh4 cxd5 21. cxd5 Nd6 22. Bxg6 hxg6 23. Nxg6 Rhe8 24. a4 Kd7 25. Kb1 Rc8 26. h4 b5 27. a5 Ne4 28. g4 Bb4 29. a6 Nd2+ 30. Rxd2 Bxd2 31. h5 Bh6 32. Nh4 Kd6 33.
Rd1 e4 34. Nf5+ Kd7 35. Bd4 e3 36. Bxa7 e2 37. Re1 Bd2 0-1

[Event "*** Titled Tuesday Blitz"]
[Site "Chess.com"]
[Date "2021.02.02"]
[Round "8"]
[White "JoliyRoger"]
[Black "PawnEatingZombie"]
[Result "1-0"]
[WhiteElo "2411"]
[BlackElo "2243"]
[TimeControl "180+1"]
[EndTime "11:29:31 PST"]
[Termination "JoliyRoger won on time"]

1. d4 d5 2. c4 e6 3. Nc3 Bb4 4. Nf3 dxc4 5. g3 b5 6. Bg2 Bb7 7. O-O a6 8. a4 c6 9. Ne5 Qc8 10. f4 Nf6 11. g4 O-O 12. g5 Nd5 13. Qc2 Be7 14. Be4 f5 15. gxf6 Nxf6 16. Bf3 Nbd7 17. e4 c5 18. Nxd7 Qxd7 19. e5 Nd5 20. Be4 cxd4 21. Bxh7+ Kh8 22. Qg6 Qe8 23. Qxe6 dxc3 24. Qh3 Bc5+ 25. Rf2 Bxf2+ 26. Kf1 Rxf4 27. Bg6+ Rh4 28.
Qf5 Rh3 29. Qxh3+ 1-0

[Event "*** Titled Tuesday Blitz"]
[Site "Chess.com"]
[Date "2021.02.02"]
[Round "8"]
[White "orrbaverlekszarnyon"]
[Black "esrosenberg"]
[Result "0-1"]
[WhiteElo "2281"]
[BlackElo "2190"]
[TimeControl "180+1"]
[EndTime "11:29:34 PST"]
[Termination "esrosenberg won by checkmate"]

1. d4 Nf6 2. Nc3 d5 3. Bf4 a6 4. Nf3 c5 5. e3 Nc6 6. h3 Bf5 7. g4 Be4 8. Bd3 Bxf3 9. Qxf3 cxd4 10.
exd4 Nxd4 11. Qg3 e6 12. O-O-O Rc8 13. Kb1 Rxc3 14. bxc3 Qb6+ 15. Kc1 Ne2+ 16. Bxe2 Ba3+ 17. Kd2 Ne4+ 18. Ke1 Nxg3 19. Bxg3 O-O 20. Kf1 Rc8 21. Be5 f6 22. Bd4 Bc5 23. Kg2 Bxd4 24. cxd4 Rxc2 25. Bf3 Qb2 26. Rhe1 Rxf2+ 27. Kg3 Rh2 28. Rf1 Rd2 29. Rb1 Qxd4 30. Rxb7 Qe5+ 31. Kh4 h5 32. Bh1 Qg5+ 33. Kg3 h4+ 34. Kf3 Rd3+ 35. Kg2 Rg3+ 36. Kh2 Qd2+ 37. Bg2 Qxg2# 0-1

[Event "*** Titled Tuesday Blitz"]
[Site "Chess.com"]
[Date "2021.02.02"]
[Round "8"]
[White "VladimirBugayev"]
[Black "IMJonathanCarlstedt"]
[Result "0-1"]
[WhiteElo "2258"]
[BlackElo "2486"]
[TimeControl "180+1"]
[EndTime "11:29:35 PST"]
[Termination "IMJonathanCarlstedt won on time"]

1. e4 e5 2. Nf3 Nc6 3. d4 exd4 4.
Nxd4 Bc5 5. Nb3 Bb6 6. Nc3 Nf6 7. Qe2 O-O 8. Bg5 h6 9. Bh4 g5 10. Bg3 d6 11. O-O-O a5 12. a4 Be6 13. h4 g4 14. Bf4 Kh7 15. e5 Nh5 16. Qe4+ Kg7 17. Bd3 Rh8 18. exd6 Qf6 19. Be3 Bxe3+ 20. Qxe3 cxd6 21.
Qb6 d5 22. g3 Nb4 23. Nd4 Rhc8 24. Rhe1 Nc6 25. Ndb5 Ra6 26. Qxb7 Nb4 27. Kb1 Rac6 28. Nd4 Qxd4 29. Nb5 Qb6 30. Qe7 Qc5 31. Rxe6 Rxe6 32. Qb7 Nxd3 0-1

[Event "*** Titled Tuesday Blitz"]
[Site "Chess.com"]
[Date "2021.02.02"]
[Round "8"]
[White "Smirnov_Pavel"]
[Black "almo64"]
[Result "1-0"]
[WhiteElo "2884"]
[BlackElo "2729"]
[TimeControl "180+1"]
[EndTime "11:29:36 PST"]
[Termination "Smirnov_Pavel won by resignation"]

1. d4 c6 2. c4 Nf6 3. Nc3 d5 4. cxd5 cxd5 5. Bf4 Nc6 6. e3 Bg4 7. Qb3 Na5 8. Qa4+ Bd7 9. Qc2 Rc8 10. Nf3 e6 11.
Bd3 Be7 12. h3 Ne4 13. O-O f5 14. Rfc1 O-O 15. Qe2 a6 16. Ne5 Be8 17. Nd1 Rxc1 18. Rxc1 Bd6 19. f3 Nf6 20. Nf2 Qb8 21. g4 Nc6 22.
Nxc6 Bxc6 23. Qd2 fxg4 24. hxg4 Ne8 25. Bxd6 Nxd6 26. f4 Nc4 27. Qe2 Qd8 28. g5 e5 29.
Qh5 e4 30. Bxc4 dxc4 31. Kg2 g6 32. Qh4 Bd7 33. Kg3 Be6 34. Nxe4 Qe7 35. Nf6+ 1-0

[Event "*** Titled Tuesday Blitz"]
[Site "Chess.com"]
[Date "2021.02.02"]
[Round "8"]
[White "A-S-00"]
[Black "BairaKovanova"]
[Result "1-0"]
[WhiteElo "2341"]
[BlackElo "2463"]
[TimeControl "180+1"]
[EndTime "11:29:36 PST"]
[Termination "A-S-00 won by resignation"]

1. d4 Nf6 2. c4 e6 3. Nf3 Bb4+ 4.
Bd2 Bxd2+ 5. Nbxd2 O-O 6. e4 d6 7. Bd3 e5 8. dxe5 dxe5 9. Nxe5 Re8 10. Ndf3 Qd6 11. c5 Qxc5 12. Rc1 Qa5+ 13. Qd2 Rxe5 14. b4 Nxe4 15. bxa5 Nxd2+ 16. Nxe5 f6 17. Rxc7 Na6 18. Bxa6 fxe5 19. Bd3 e4 20. Bc2 Nf3+ 21. gxf3 exf3 22. Rg1 g6 23. Bb3+ Kh8 24. Kd2 Bf5 25. Ke3 b6 26.
axb6 axb6 27. Rd1 Rf8 28. Rd6 Bg4 29. Rxb6 Re8+ 30. Kf4 Bf5 31. Rbb7 Re4+ 32. Kg3 Rg4+ 33. Kxf3 Be4+ 34. Kxg4 Bxb7 35. Rxb7 h5+ 36. Kg5 h4 37. Kh6 1-0

[Event "*** Titled Tuesday Blitz"]
[Site "Chess.com"]
[Date "2021.02.02"]
[Round "8"]
[White "publicaccountcze"]
[Black "novocane"]
[Result "0-1"]
[WhiteElo "2330"]
[BlackElo "2257"]
[TimeControl "180+1"]
[EndTime "11:29:36 PST"]
[Termination "novocane won on time"]

1. d4 Nf6 2. c4 e6 3. Nc3 Bb4 4. Qc2 d5 5. e3 c5 6. dxc5 Na6 7.
Bd2 Nxc5 8. cxd5 exd5 9. a3 Bxc3 10. Bxc3 Nce4 11. Bd4 O-O 12. Bd3 Be6 13. Nf3 Rc8 14. Qe2 Bg4 15. h3 Bh5 16. Rd1 a6 17. O-O Re8 18.
Rfe1 Ng5 19. g4 Nxg4 20. Nxg5 Qxg5 21. hxg4 Bxg4 22. Qf1 Bf3+ 23. Kh2 Rc6 24. Qh3 Rh6 25. Rg1 Rxh3+ 26. Kxh3 Qh6+ 27. Kg3 Bxd1 28. Rxd1 Qg5+ 29. Kh2 Qh5+ 0-1

[Event "*** Titled Tuesday Blitz"]
[Site "Chess.com"]
[Date "2021.02.02"]
[Round "8"]
[White "chesslh19"]
[Black "barriochess"]
[Result "1-0"]
[WhiteElo "2262"]
[BlackElo "2415"]
[TimeControl "180+1"]
[EndTime "11:29:37 PST"]
[Termination "chesslh19 won by resignation"]

1. e4 c5 2. Nf3 Nc6 3. d4 cxd4 4. Nxd4 e5 5. Nb5 d6 6. N1c3 a6 7. Na3 Be7 8. Nd5 Nf6 9. Nxf6+ Bxf6 10. Nc4 O-O 11.
Qxd6 Nd4 12. Qxd8 Rxd8 13. Bd3 Be6 14. Ne3 Rac8 15. Bd2 Bg5 16. Bc3 Bxe3 17. fxe3 Nc6 18. O-O b5 19. a3 Rd7 20. Rad1 Rcd8 21. Be2 Bc4 22. Rxd7 Rxd7 23. Re1 Bxe2 24. Rxe2 a5 25. Rd2 Rxd2 26. Bxd2 f6 27. Kf2 Kf7 28. Ke2 Ke6 29.
Kd3 h5 30. c4 b4 31. axb4 axb4 32. c5 f5 33. Kc4 fxe4 34. Bxb4 g5 35. Bc3 Ne7 36. b4 Nd5 37. Bd2 Nf4 38. exf4 exf4 39. b5 e3 40. Be1 g4 41. Kd3 Kd5 42. c6 Kd6 43. Ke2 Kc7 44. h3 f3+ 45. gxf3 gxh3 46.
Bg3+ Kb6 47. Kxe3 h4 48. Bh2 Ka7 49. Kf4 Kb6 50. Kg4 Kxb5 51. c7 Kc6 52. c8=Q+ Kd5 53. Qd7+ 1-0

[Event "*** Titled Tuesday Blitz"]
[Site "Chess.com"]
[Date "2021.02.02"]
[Round "8"]
[White "zurzan"]
[Black "Grineva_Marianna"]
[Result "1-0"]
[WhiteElo "2038"]
[BlackElo "2225"]
[TimeControl "180+1"]
[EndTime "11:29:37 PST"]
[Termination "zurzan won on time"]

1. f4 d6 2. Nf3 h6 3. g3 c6 4.
Bg2 Nd7 5. O-O Ngf6 6. d3 e5 7. e4 Be7 8. f5 b5 9. h3 Qb6+ 10.
Kh2 a5 11. c3 Ba6 12. Re1 b4 13. Be3 Qb7 14. Nh4 bxc3 15. bxc3 Qb2 16. Nd2 Qxc3 17. Rc1 Qxd3 18. Rxc6 Qa3 19. Qc2 O-O 20. Nc4 Bxc4 21. Rxc4 Nc5 22. Bc1 Qd3 23. Rxc5 Qa6 24. Rc6 Qb5 25.
Bf1 Qb8 26. Ba3 Nh5 27. Nf3 Qd8 28. Rd1 Rb8 29. Nxe5 Bf6 30. Ng4 Qe7 31. Nxf6+ Qxf6 32. Bb2 Qg5 33. Qg2 Rfe8 34. Rc2 Rb4 35. e5 1-0

[Event "*** Titled Tuesday Blitz"]
[Site "Chess.com"]
[Date "2021.02.02"]
[Round "8"]
[White "lucachess49"]
[Black "Aradej"]
[Result "0-1"]
[WhiteElo "2343"]
[BlackElo "2542"]
[TimeControl "180+1"]
[EndTime "11:29:38 PST"]
[Termination "Aradej won on time"]

1. d4 Nf6 2. c4 e6 3. Nc3 Bb4 4.
e3 O-O 5. Ne2 Re8 6. a3 Bf8 7. Ng3 d6 8. Be2 Nbd7 9. O-O b6 10.
Bf3 Rb8 11. Nb5 a6 12. Na7 Bb7 13. Nc6 Bxc6 14. Bxc6 e5 15. dxe5 Rxe5 16. b4 Re6 17. Bb2 Ne5 18. Bd5 Nxd5 19. cxd5 Re8 20. Rc1 b5 21. Qc2 Nc4 22. Nf5 Qg5 23. Bc3 Nxa3 24. Qd3 Nc4 25. Rce1 Ra8 26. h4 Qg6 27. e4 Ne5 28.
Qh3 Qg4 29. Qxg4 Nxg4 30. f3 Ne5 31. Bxe5 dxe5 32. Rc1 Bxb4 33. Rxc7 a5 34. Rb1 g6 35. Nh6+ Kg7 36. Nxf7 Re7 37. Rxe7 Bxe7 38. Nxe5 b4 39. Nc6 Bc5+ 40. Kf1 a4 41. Rc1 a3 42. Rxc5 a2 43. Rc1 b3 44. Na5 b2 0-1

[Event "*** Titled Tuesday Blitz"]
[Site "Chess.com"]
[Date "2021.02.02"]
[Round "8"]
[White "kai_nov"]
[Black "NovikovaGalina"]
[Result "1-0"]
[WhiteElo "2384"]
[BlackElo "2242"]
[TimeControl "180+1"]
[EndTime "11:29:38 PST"]
[Termination "kai_nov won on time"]

1. d4 d5 2. c4 Nc6 3. Nc3 Nf6 4. Nf3 Bf5 5. Bf4 e6 6. e3 Bd6 7. Bg5 Be7 8. Rc1 O-O 9. cxd5 exd5 10. a3 Ne4 11.
Bf4 a6 12. Bd3 Nxc3 13. Rxc3 Bxd3 14. Qxd3 Bd6 15. Qf5 Bxf4 16. Qxf4 Rc8 17. O-O Ne7 18. b4 Ng6 19. Qg3 c6 20. h4 h6 21. h5 Ne7 22.
Ne5 Nf5 23. Qf4 Nd6 24. f3 a5 25. e4 axb4 26. axb4 Nb5 27. Rd3 dxe4 28. fxe4 Nxd4 29. Qe3 1-0